 Dungeon Crawl Stone Soup version 0.28-a0-1114-g8eb0198dcf (webtiles) character file.

Game seed: 18239299716149919808

331 Peloso the Covered (level 6, -11/55 HPs)
             Began as a Minotaur Fighter on Dec 11, 2021.
             Mangled by an orc wizard (14 damage)
             ... on level 4 of the Dungeon.
             The game lasted 00:05:30 (3660 turns).

Peloso the Covered (Minotaur Fighter)               Turns: 3660, Time: 00:05:31

Health: -11/55     AC: 13    Str: 21    XL:     6   Next: 26%
Magic:  5/5        EV:  6    Int:  5    God:
Gold:   157        SH:  4    Dex: 11    Spells: 5/5 levels left

rFire   . . .      SeeInvis .   a - +0 long sword
rCold   . . .      Faith    .   c - +0 buckler
rNeg    . . .      Spirit   .   v - +0 plate armour
rPois   .          Reflect  .   (helmet restricted)
rElec   .          Harm     .   o - +0 cloak
rCorr   .          Rampage  .   (no gloves)
Will    .....                   (no boots)
Stlth   ..........              (no amulet)
HPRegen 0.18/turn               (no ring)
MPRegen 0.09/turn               (no ring)

@: no status effects
A: horns 2, retaliatory headbutt
a: no special abilities


You were on level 4 of the Dungeon.
You visited 1 branch of the dungeon, and saw 4 of its levels.

You collected 157 gold pieces.

Inventory:

Hand Weapons
 a - a +0 long sword (weapon)
Armour
 b - a +0 scale mail
 c - a +0 buckler (worn)
 j - a +0 chain mail
 o - a +0 cloak (worn)
 v - a +0 plate armour (worn)
Jewellery
 s - a +6 ring of intelligence
Wands
 t - a wand of paralysis (11)
 x - a wand of mindburst (12)
Scrolls
 f - 2 scrolls of teleportation {unknown}
 g - a scroll of enchant weapon {unknown}
 h - a scroll of silence {unknown}
 i - a scroll of immolation {unknown}
 k - 2 scrolls of magic mapping
 l - 2 scrolls of identify {unknown}
 p - a scroll of vulnerability {unknown}
 q - a scroll of acquirement {unknown}
Potions
 d - 2 potions of might
 e - a potion of flight
 m - 3 potions of brilliance {unknown}
 n - a potion of mutation {unknown}
 r - a potion of lignification {unknown}
 u - a potion of magic
 w - a potion of heal wounds {unknown}


   Skills:
 + Level 4.8 Fighting
 + Level 4.8 Long Blades
 + Level 5.7 Armour
 + Level 1.0 Dodging
 + Level 0.9 Stealth
 + Level 4.3 Shields


You had 5 spell levels left.
You didn't know any spells.
Your spell library contained the following spells:

 Spells                   Type           Power      Damage    Failure   Level
 Animate Dead             Necr           0%         N/A       100%        4
 Borgnjor's Vile Clutch   Necr/Erth      0%         N/A       100%        5
 Death Channel            Necr           0%         N/A       100%        6


Dungeon Overview and Level Annotations

Branches:
Dungeon (4/15)
 Temple: D:4-7

Altars:
Ashenzari


Innate Abilities, Weirdness & Mutations

You have a pair of horns on your head.
You reflexively headbutt those who attack you in melee.


Message History

You barely miss the orc wizard. Your headbutt misses the orc wizard.
The orc wizard hits you but does no damage.
You are electrocuted!
You miss the orc wizard.
The orc wizard hits you but does no damage.
Your plate armour prevents you from hitting the orc wizard.
The orc wizard hits you with a +1 dagger of electrocution.
Unknown command.
You barely miss the orc wizard. Your headbutt misses the orc wizard.
The orc wizard points at you and mumbles some strange words.
The puff of flame misses you.
Unknown command.
You barely miss the orc wizard.
The orc wizard gestures wildly while chanting.
The orc wizard flickers and vanishes!
Deactivating autopickup; reactivate with Ctrl-A.
You miss something. Something hits you.
You miss something. Your headbutt misses something.
Something hits you but does no damage.
You barely miss the orc. The orc closely misses you.
You slash the orc!
You kill the orc!
You slash the orc!
You kill the orc!
You hit something but do no damage. Something hits you but does no damage.
You are electrocuted!
You barely miss something. Something hits you but does no damage.
You hit something but do no damage. Something hits you but does no damage.
You miss something.
Something hits you but does no damage. x2
You are electrocuted!
You barely miss something. Something completely misses you.
You hit something. Something hits you.
You are electrocuted!!
* * * LOW HITPOINT WARNING * * *
You miss something. Something hits you but does no damage.
You hit something. Your headbutt misses something.
Something hits you but does no damage.
Unknown command.
You miss something. Something hits you but does no damage.
You are electrocuted!
You die...

### o.# ### # #.# ..# #.#.#
#.# #. ... ......##.### #. #.#
......{@...# #.## #.#
...##.####.# ...# #.# # #.#
#..# #.# #.######### #..###.##
#.........## #..##...##+##
#########..# ........#...##
###......###.#
##.##.P......####.........##.#
.#.##.P[......##...........#.#


There were no monsters in sight!

Vanquished Creatures
  A water moccasin skeleton (D:4)
  A hound (D:4)
  A bullfrog skeleton (D:4)
  An iguana (D:4)
  8 gnolls (D:4)
  A howler monkey skeleton (D:4)
  3 adders
  An adder skeleton (D:4)
  A worm (D:2)
  A dart slug (D:3)
  4 orcs
  8 endoplasms
  A giant cockroach (D:1)
  10 goblins
  5 hobgoblins
  5 jackals
  6 quokkas
  3 ball pythons
  4 bats
  5 frilled lizards
  9 kobolds
  7 rats
86 creatures vanquished.

Notes
Turn   | Place    | Note
-------+----------+-------------------------------------------
     0 | D:1      | Peloso the Minotaur Fighter began the quest for the Orb.
     0 | D:1      | Reached XP level 1. HP: 19/19 MP: 0/0
   117 | D:1      | Reached XP level 2. HP: 27/27 MP: 1/1
   196 | D:1      | Reached skill level 4 in Armour
   748 | D:2      | Reached XP level 3. HP: 20/33 MP: 2/2
  1911 | D:3      | Reached XP level 4. HP: 37/41 MP: 3/3
  2493 | D:4      | Found a broken altar of Ashenzari.
  2965 | D:4      | Reached XP level 5. HP: 47/47 MP: 4/4
  2979 | D:4      | Reached skill level 5 in Armour
  2979 | D:4      | Reached skill level 1 in Dodging
  3263 | D:4      | Reached XP level 6. HP: 44/55 MP: 5/5
  3660 | D:4      | Mangled by an orc wizard

Illustrated notes

Levels and vault maps discovered:
D:1:      scummos_arrival_forest, layout_loops_ring
D:2:      layout_loops_ring
D:3:      layout_basic
D:4:      layout_loops_corners, mainiacjoe_overflow_boulevard, kennysheep_potato

Skill      XL: |  1  2  3  4  5 |
---------------+----------------+-----
Fighting       | 4 |  4.8
Armour         | 4 5 |  5.7
Long Blades    | 3 4 |  4.8
Shields        | 4 |  4.3
Dodging        | 1 |  1.0
Stealth        | |  0.9

Action                   |  1- 3 |  4- 6 || total
-------------------------+-------+-------++-------
Melee: Long sword        |    92 |   119 ||   211
       Headbutt          |    18 |    12 ||    30
  Use: Potion            |     2 |       ||     2
       Scroll            |     1 |       ||     1
Armor: Scale mail        |    21 |       ||    21
       Chain mail        |    19 |    15 ||    34
       Plate armour      |       |    51 ||    51
Dodge: Dodged            |    41 |    34 ||    75
Block: Buckler           |    22 |    29 ||    51

Table legend: (Time is in decaauts)
 A = Elapsed time spent in this place.
 B = Non-inter-level travel time spent in this place.
 C = Inter-level travel time spent in this place.
 D = Time resting spent in this place.
 E = Time spent auto-exploring this place.
 F = Levels seen in this place.
 G = Mean time per level.
                   A        B        C        D        E       F      G
               +--------+--------+--------+--------+--------+-----+--------+
         Total |   3708 |   3607 |    101 |      0 |   2872 |   4 |  927.0 |
       Dungeon |   3708 |   3607 |    101 |      0 |   2872 |   4 |  927.0 |
               +--------+--------+--------+--------+--------+-----+--------+

Top non-repeatable levels by time:
     D:4: 1199 daAuts
     D:2: 901 daAuts
     D:3: 876 daAuts
     D:1: 730 daAuts
